 Dungeon Crawl Stone Soup version 0.31.0-32-g396128a36d (webtiles) character file.

Game seed: 10605074313975644845

33528 spaghetti the Necromancer (level 13, 0/119 HPs)
             Began as an Oni Summoner on Mar 9, 2024.
             Was an Initiate of Gozag.
             Slain by a sixfirhy (4 damage)
             ... summoned by an orc high priest
             ... in a bailey on Mar 10, 2024.
             The game lasted 00:38:53 (18966 turns).

spaghetti the Necromancer (Oni Summoner)           Turns: 18966, Time: 00:38:53

Health: 0/119      AC:  7    Str: 15    XL:     13   Next: 71%
Magic:  28/28      EV: 14    Int: 26    God:    Gozag
Gold:   343        SH:  0    Dex:  9    Spells: 9/34 levels left

rFire   + . .        A - +9 hand axe "Cunuewka" {spect, Will+}
rCold   + . .        (no shield)
rNeg    . . .        a - +0 robe
rPois   +            (helmet restricted)
rElec   +            (no cloak)
rCorr   +            (gloves unavailable)
SInv    .            (boots unavailable)
Will    ++...        u - amulet of magic regeneration
Stlth   +            v - +5 ring of evasion
HPRegen 0.39/turn    q - +6 ring of intelligence
MPRegen 0.61/turn

%: no passive effects
@: death channelling, resistant, invisible, inugami summoned
A: large, unfitting armour, horns 1, tough skin 1, double potion healing,
drunken brawling, fangs 1, iridescent scales 2
a: Renounce Religion, Potion Petition, Call Merchant, Bribe Branch


You were in a bailey.
You worshipped Gozag.
Gozag was aware of your devotion.
You visited 2 branches of the dungeon, and saw 14 of its levels.
You also visited: Bailey.

You collected 3917 gold pieces.
You spent 740 gold pieces at shops.
You paid 2834 gold pieces to Gozag.

Inventory:

Hand Weapons
 c - a +1 scythe
 h - the +8 halberd "Fupsipyi" {venom, rF+ rCorr Int+4}
   (You found it on level 3 of the Dungeon)

   Int+4:     It affects your intelligence (+4).
   rF+:       It protects you from fire.
   rCorr:     It protects you from acid and corrosion.
 A - the +9 hand axe "Cunuewka" (weapon) {spect, Will+}
   (You found it on level 10 of the Dungeon)

   Will+:     It increases your willpower.
Missiles
 s - 7 curare-tipped darts
Armour
 a - a +0 robe (worn)
 i - a scarf of invisibility
Jewellery
 d - a ring of poison resistance
 g - an amulet of reflection
 q - a +6 ring of intelligence (right hand)
 t - a ring of fire
 u - an amulet of magic regeneration (around neck)
 v - a +5 ring of evasion (left hand)
 E - a ring of protection from fire
Wands
 m - a wand of roots (11)
 r - a wand of quicksilver (11)
 w - a wand of flame (15)
Scrolls
 e - 2 scrolls of poison
 f - 3 scrolls of teleportation
 k - a scroll of immolation
 l - 4 scrolls of fog
 n - a scroll of silence
 o - 3 scrolls of enchant weapon
 p - a scroll of brand weapon
 x - 9 scrolls of identify
 y - a scroll of amnesia
 B - a scroll of noise
 C - a scroll of enchant armour
Potions
 b - 2 potions of magic
 j - 5 potions of enlightenment
 z - 3 potions of mutation
 F - 2 potions of curing
Miscellaneous
 D - a tin of tremorstones (inert)


   Skills:
 + Level 5.5 Fighting
 - Level 1.7 Dodging
 - Level 1.4 Stealth
 - Level 11.0 Spellcasting
 - Level 8.0 Summonings
 + Level 15.6 Necromancy
 - Level 5.0 Fire Magic
 - Level 4.0 Air Magic
 - Level 4.0 Earth Magic


You had 9 spell levels left.
You knew the following spells:

 Your Spells              Type           Power      Damage    Failure   Level
a - Summon Small Mammal   Summ           100%       N/A       1%          1
b - Call Imp              Summ           100%       N/A       1%          2
c - Call Canine Familiar  Summ           54%        N/A       1%          3
d - Summon Blazeheart Go  Fire/Summ      48%        N/A       2%          4
e - Summon Lightning Spi  Summ/Air       45%        N/A       3%          4
f - Death Channel         Necr           38%        N/A       1%          6
g - Borgnjor's Vile Clut  Necr/Erth      30%        N/A       1%          5

Your spell library contained the following spells:

 Spells                   Type           Power      Damage    Failure   Level
 Necrotise                Necr           100%       1d9       0%          1
 Sublimation of Blood     Necr           77%        N/A       0%          2
 Apportation              Tloc           28%        N/A       4%          1
 Sting                    Conj/Alch      56%        1d6       4%          1
 Lesser Beckoning         Tloc           28%        N/A       6%          2
 Frozen Ramparts          Ice            28%        1d5       12%         3
 Gell's Gravitas          Tloc           14%        N/A       12%         3
 Teleport Other           Tloc           14%        N/A       12%         3
 Brom's Barrelling Bould  Conj/Erth      24%        2d5       19%         4
 Leda's Liquefaction      Alch/Erth      12%        N/A       19%         4
 Petrify                  Alch/Erth      24%        N/A       19%         4
 Lee's Rapid Deconstruct  Erth           17%        3d11*     22%         5
 Fireball                 Conj/Fire      13%        3d7       38%         5
 Irradiate                Conj/Alch      7%         3d14      75%         5
 Iskenderun's Battlesphe  Conj           14%        2d7       75%         5
 Metabolic Englaciation   Hex/Ice        7%         N/A       75%         5
 Bombard                  Conj/Erth      12%        9d3       95%         6
 Conjure Ball Lightning   Conj/Air       12%        3x3d6     95%         6
 Orb of Destruction       Conj           7%         9d6       100%        7
 Animate Dead             Necr           Unusable   N/A       N/A         4

Dungeon Overview and Level Annotations

Branches:
Dungeon (10/15)            Temple (0/1) D:4            Lair (5/5) D:8
 Shoals (0/4) Lair:2        Snake (0/4) Lair:2       Bailey (1/1)
  Slime: Lair:4-5       Orc: D:9-12

Altars:
Gozag
Yredelemnul
Jiyva

Shops:
D:5 =   Lair:2 ?   Lair:4 ?

Annotations:
D:3 2 transporters, tdog's ghost, weakling SpBr
D:5 2 transporters, Lemonizer's ghost, weakling SpDe
D:9 exclusions: electric eel and 1 more exclusion
Lair:1 exclusion: oklob plant


Innate Abilities, Weirdness & Mutations

You are too large for most types of armour.
You have a pair of small horns on your head.
You have tough skin. (AC +1)
You gain doubled healing and magic from potions.
Whenever you drink a healing potion, you attack all around you.
You have very sharp teeth.
You are mostly covered in iridescent scales. (AC +4)


Message History

Your cerulean imp dies!
Your cerulean imp disappears in a puff of smoke!
You hit the orc high priest.
The orc high priest is heavily wounded.
You catch the helpless sixfirhy completely off-guard!
You hit the sixfirhy.
Your +9 hand axe "Cunuewka" {spect, Will+} hits the orc high priest.
Your +9 hand axe "Cunuewka" {spect, Will+} hits the sixfirhy. x2
Your +9 hand axe "Cunuewka" {spect, Will+} hits the orc high priest.
The sixfirhy hits you.
* * * LOW HITPOINT WARNING * * *
The sixfirhy shocks you. You resist.
* * * LOW HITPOINT WARNING * * *
The sixfirhy hits you.
* * * LOW HITPOINT WARNING * * *
The sixfirhy shocks you. You resist.
* * * LOW HITPOINT WARNING * * *
The sixfirhy hits you.
* * * LOW HITPOINT WARNING * * *
The sixfirhy shocks you. You resist.
* * * LOW HITPOINT WARNING * * *
The orc high priest mumbles some strange prayers to Beogh.
The sixfirhy closely misses you.
Okay, then.
You barely miss the orc high priest. You headbutt the orc high priest.
The orc high priest is almost dead.
You barely miss the sixfirhy. You hit the hellwing but do no damage.
Your +9 hand axe "Cunuewka" {spect, Will+} hits the orc high priest.
Your +9 hand axe "Cunuewka" {spect, Will+} hits the rust devil.
Your +9 hand axe "Cunuewka" {spect, Will+} hits the hellwing.
Your +9 hand axe "Cunuewka" {spect, Will+} barely misses the ice devil.
Your +9 hand axe "Cunuewka" {spect, Will+} hits the hellwing but does no damage.
Your +9 hand axe "Cunuewka" {spect, Will+} hits the rust devil but does no damage.
Your +9 hand axe "Cunuewka" {spect, Will+} barely misses the ice devil.
Your +9 hand axe "Cunuewka" {spect, Will+} barely misses the orc high priest.
The sixfirhy barely misses you. x2; The sixfirhy hits you.
* * * LOW HITPOINT WARNING * * *
The sixfirhy shocks you. You resist.
You die...
Your body crumbles into a pile of gold.

#....#.8.8.8.'.....#)...#≈≈≈≈≈#
######...##############.#≈≈≈≈≈#
~.#......# +))#)~≈≈≈≈≈#
~.#......#. #))#.~≈≈≈≈≈#
~.#++#####.. #..#.~≈≈≈≈≈#
~.#.....##... #########.~≈≈≈≈≈#
..'.....##...o#(48.8..#.~≈≈≈≈≈#
..')8⌠..##.._g4o48.....∩~≈≈≈≈≈#
..'.)...##....#3@8h8..#.~≈≈≈≈≈#
~.#.....##..4 #########.~≈≈≈≈≈#
~.#')#####.. #..#.~≈≈≈≈≈#
~.#......#. #..#.~≈≈≈≈≈#
~.#......# +..#)~≈≈≈≈≈#
######...##############.#≈≈≈≈≈#
# #.8.8.8.)..)).#....#≈≈≈≈≈# #
#.....))#.....))...#≈≈≈≈≈#
###############..#'#≈≈≈≈≈#


You could see 2 orc high priests, a hellwing (summoned, unable to see you), an
ice devil (summoned, unable to see you), a rust devil (summoned, unable to see
you), a sixfirhy (summoned, unable to see you, ally target), a goblin (unable to
see you), a friendly lightning spire (summoned), a friendly +9 hand axe
"Cunuewka" {spect, Will+} and a friendly inugami (summoned).

Vanquished Creatures
  2 hydras (Lair:4)
  Pikel (D:4)
  An elephant (Lair:2)
  4 cane toads
  A merfolk (Lair:2)
  2 hornets (Lair:5)
  A polar bear (Lair:3)
  5 blink frogs
  3 dream sheep
  Sigmund (D:3)
  3 wyverns
  A basilisk (Lair:3)
  9 yaks
  Edmund (D:5)
  7 water moccasins
  A nameless horror (D:4)
  3 orc warriors (Bailey)
  4 black bears
  3 boggarts (Lair:5)
  10 wolves
  2 lemures (D:4)
  A kobold brigand (D:9)
  4 bullfrogs
  A scorpion (D:8)
  4 wights (D:8)
  3 electric eels
  3 orc priests
  A gnoll bouda (D:9)
  3 hounds
  An iguana (D:4)
  6 orc wizards
  2 hell rats (Lair:4)
  Robin (D:4)
  5 adders
  5 gnolls
  3 white imps (D:4)
  A ribbon worm (D:4)
  3 dart slugs
  2 fire bats (D:3)
  6 orcs
  10 bats
  A bat skeleton (D:3)
  A bat zombie (D:3)
  5 endoplasms
  A giant cockroach (D:1)
  9 goblins
  5 hobgoblins
  4 jackals
  2 kobolds (D:2)
  3 quokkas
  3 ball pythons
  A bat simulacrum (D:3)
  A frilled lizard (D:3)
  3 rats (D:1)
169 creatures vanquished.

Vanquished Creatures (collateral kills)
  2 skysharks
  A lindwurm (Lair:4)
  An orc knight (Bailey)
  3 elephants (Lair:2)
  3 black mambas
  A torpor snail (Lair:3)
  7 cane toads
  2 rime drakes (Lair:3)
  3 komodo dragons
  A merfolk (Lair:2)
  9 polar bears
  A hornet (Lair:5)
  Grinder (D:5)
  7 blink frogs
  A dream sheep (Lair:3)
  10 spriggans
  6 wyverns
  20 yaks
  Eustachio (D:4)
  3 basilisks
  A steam dragon (D:9)
  Menkaure (D:4)
  2 nagas (Lair:2)
  11 water moccasins
  An ice beast (D:5)
  A black bear (Lair:5)
  4 orc warriors
  17 wolves
  A centaur (D:8)
  7 bullfrogs
  2 howler monkeys (D:9)
  A vampire bat (D:3)
  2 hounds (D:5)
  5 jellies
  A bombardier beetle (D:5)
  An orc priest (D:9)
  An iguana (D:5)
  2 orc wizards (D:9)
  3 hell rats (Lair:4)
  6 gnolls
  An adder (D:3)
  A nameless horror (D:5)
  A fire bat (D:3)
  6 orcs
  2 spectral bats (D:3)
  A ball python (D:1)
  2 bat skeletons (D:3)
  3 endoplasms
  A giant cockroach (D:1)
  7 goblins
  11 hobgoblins
  2 jackals (D:4)
  8 kobolds
  4 bats
  3 frilled lizards
  3 rats
  A butterfly (Lair:2)
210 creatures vanquished.

Vanquished Creatures (others)
  A two-headed ogre (D:8)
  A kobold (D:3)
  A blazeheart core (Lair:4)
3 creatures vanquished.

Grand Total: 382 creatures vanquished

Notes
Turn   | Place    | Note
-------+----------+-------------------------------------------
     0 | D:1      | spaghetti the Oni Summoner began the quest for the Orb.
     0 | D:1      | Reached XP level 1. HP: 16/16 MP: 3/3
   284 | D:1      | Reached XP level 2. HP: 24/24 MP: 3/5
   323 | D:1      | Found a faded altar of an unknown god.
   344 | D:1      | Learned a level 2 spell: Call Imp
   543 | D:1      | Prayed at the altar of an unknown god.
   543 | D:1      | Became a worshipper of Gozag Ym Sagoz the Greedy
   993 | D:1      | Reached XP level 3. HP: 29/31 MP: 6/6
  1001 | D:1      | Learned a level 3 spell: Call Canine Familiar
  2602 | D:3      | Noticed tdog's ghost (weakling SpBr)
  2611 | D:3      | Reached skill level 5 in Summonings
  2611 | D:3      | Reached XP level 4. HP: 39/39 MP: 0/7
  2849 | D:3      | Noticed Sigmund
  2872 | D:3      | Killed Sigmund
  2873 | D:3      | Reached skill level 5 in Fighting
  2873 | D:3      | Reached XP level 5. HP: 34/57 MP: 2/9
  3168 | D:3      | Identified the +8 halberd "Fupsipyi" {venom, rF+ rCorr
                  | Int+4}
  3477 | D:3      | Reached XP level 6. HP: 66/66 MP: 4/10
  3546 | D:3      | Found a transporter.
  3618 | D:3      | Found a transporter.
  4200 | D:4      | Learned a level 4 spell: Summon Blazeheart Golem
  4266 | D:4      | Found a staircase to the Ecumenical Temple.
  4269 | D:4      | Noticed Menkaure
  4276 | D:4      | Killed Menkaure
  4277 | D:4      | Reached skill level 5 in Spellcasting
  4277 | D:4      | Reached XP level 7. HP: 72/72 MP: 9/14
  4408 | D:4      | Noticed Pikel
  4419 | D:4      | Killed Pikel
  4420 | D:4      | Reached skill level 5 in Fire Magic
  4420 | D:4      | Reached XP level 8. HP: 47/80 MP: 10/15
  4471 | D:4      | Learned a level 4 spell: Summon Lightning Spire
  4559 | D:4      | Noticed Eustachio
  4570 | D:4      | Killed Eustachio
  4681 | D:4      | Found a basalt altar of Yredelemnul.
  4687 | D:4      | Noticed a nameless horror
  4693 | D:4      | Killed a nameless horror
  5136 | D:4      | Noticed Robin
  5152 | D:4      | Killed Robin
  6116 | D:5      | Entered Level 5 of the Dungeon
  6129 | D:5      | Noticed Grinder
  6164 | D:5      | Killed Grinder
  6395 | D:5      | Noticed Lemonizer's ghost (weakling SpDe)
  6424 | D:5      | Found a transporter.
  6482 | D:5      | Reached XP level 9. HP: 73/88 MP: 11/16
  6977 | D:5      | Noticed Edmund
  6993 | D:5      | Killed Edmund
  7161 | D:5      | Found Xoer's Jewellery Shoppe.
  7164 | D:5      | Bought a +6 ring of intelligence for 468 gold pieces
  7172 | D:5      | Learned a level 6 spell: Death Channel
  7175 | D:5      | Found a transporter.
  7397 | D:6      | You fall into a shaft and drop 3 floors!
  7426 | D:9      | Gained mutation: You are partially covered in iridescent
                  | scales. (AC +2) [potion of mutation]
  7426 | D:9      | Gained mutation: You are mostly covered in iridescent
                  | scales. (AC +4) [potion of mutation]
  7426 | D:9      | Gained mutation: You have very sharp teeth. [potion of
                  | mutation]
  7639 | D:8      | Noticed a two-headed ogre
  7647 | D:9      | Reached skill level 1 in Necromancy
  7808 | D:8      | Killed a two-headed ogre
  7809 | D:8      | Reached skill level 2 in Necromancy
  8040 | D:8      | Found an opulent altar of Gozag.
  8052 | D:8      | Reached skill level 3 in Necromancy
  8346 | D:8      | Reached skill level 4 in Necromancy
  8353 | D:8      | Reached XP level 10. HP: 52/96 MP: 14/22
  8361 | D:8      | Reached skill level 5 in Necromancy
  8613 | D:8      | Found a staircase to the Lair.
  8988 | Lair:1   | Entered Level 1 of the Lair of Beasts
  8988 | Lair:1   | Noticed a cane toad
  8998 | Lair:1   | Noticed a cane toad
  9001 | Lair:1   | Killed a cane toad
  9010 | Lair:1   | Killed a cane toad
  9011 | Lair:1   | Reached skill level 10 in Spellcasting
  9011 | Lair:1   | Reached skill level 6 in Necromancy
  9195 | Lair:1   | Reached skill level 7 in Necromancy
  9258 | Lair:1   | Reached XP level 11. HP: 31/102 MP: 14/26
  9261 | Lair:1   | Reached skill level 8 in Necromancy
  9504 | Lair:1   | Noticed an oklob plant
  9581 | Lair:1   | Learned a level 5 spell: Borgnjor's Vile Clutch
  9749 | Lair:1   | Reached skill level 1 in Air Magic
  9749 | Lair:1   | Reached skill level 1 in Earth Magic
 10491 | Lair:2   | Noticed a skyshark
 10515 | Lair:2   | Killed a skyshark
 10516 | Lair:2   | Reached skill level 9 in Necromancy
 11146 | Lair:2   | HP: 4/102 [merfolk/+0 trident (9)]
 11423 | Lair:2   | Found a staircase to the Shoals.
 11904 | Lair:2   | Bought a scroll of identify for 22 gold pieces
 12043 | Lair:2   | Reached skill level 10 in Necromancy
 12043 | Lair:2   | Reached XP level 12. HP: 111/111 MP: 15/27
 12140 | Lair:2   | Found a staircase to the Snake Pit.
 12456 | Lair:3   | Reached skill level 11 in Necromancy
 13362 | Lair:3   | Reached skill level 12 in Necromancy
 13708 | Lair:4   | Identified the +1 morningstar "Sotuopt" {venom, rPois Will+
                  | Str-4 SInv}
 13782 | Lair:4   | Bought a scroll of enchant armour for 75 gold pieces
 13782 | Lair:4   | Bought a scroll of teleportation for 30 gold pieces
 13782 | Lair:4   | Bought a scroll of blinking for 75 gold pieces
 13782 | Lair:4   | Bought a scroll of teleportation for 30 gold pieces
 13782 | Lair:4   | Bought a scroll of fear for 40 gold pieces
 13991 | Lair:4   | Noticed a five-headed hydra
 14006 | Lair:4   | Killed a five-headed hydra
 14067 | Lair:4   | Noticed an eight-headed hydra
 14077 | Lair:4   | Killed an eight-headed hydra
 14078 | Lair:4   | Reached skill level 13 in Necromancy
 14625 | Lair:4   | Reached XP level 13. HP: 97/118 MP: 25/28
 15282 | Lair:5   | Entered Level 5 of the Lair of Beasts
 15298 | Lair:5   | Reached skill level 14 in Necromancy
 15331 | Lair:5   | HP: 4/118 [wolf (3)]
 15332 | Lair:5   | Found a viscous altar of Jiyva.
 15996 | Lair:5   | Reached skill level 15 in Necromancy
 18029 | D:10     | Entered Level 10 of the Dungeon
 18128 | D:10     | Found a flagged portal.
 18135 | D:10     | Identified the +9 hand axe "Cunuewka" {spect, Will+}
 18137 | D:10     | Identified the +5 hand axe of the Enemy {holy, rN+ Int+2}
 18161 | Bailey   | Entered a bailey
 18545 | Bailey   | Acquired 400 gold pieces
 18557 | Bailey   | Found the +8 trishula "Condemnation" {holy, anguish, *Noise
                  | Fly rN+}
 18956 | Bailey   | Found an iron altar of Okawaru.
 18962 | Bailey   | HP: 4/119 [orc high priest/+0 war axe (5)]
 18966 | Bailey   | Slain by a sixfirhy

Illustrated notes

Levels and vault maps discovered:
D:1:      lemuel_arrival_rhombus, layout_loops_corners,
          dreamdust_ecumenical_altar_angels_and_demons, nicolae_hexahallways,
          fountainhead, minmay_tromino_v7
D:2:      layout_loops_ring, minmay_distorted
D:3:      layout_basic, gammafunk_ghost_stat_death, goddamned_bats, uniq_sigmund
D:4:      layout_basic, mainiacjoe_overflow_catwalk, temple_fountains,
          serial_library_regret_index_headful, uniq_pikel, uniq_menkaure,
          uniq_eustachio, uniq_robin
D:5:      layout_gridville, gammafunk_ghost_mausoleum, serial_shops,
          nicolae_shop_behind_doors, uniq_edmund, uniq_grinder
D:6:      layout_cave_pools, nicolae_hepliaklqana_monster_ancestors,
          bh_walls_and_bars, uniq_blork_the_orc
D:8:      layout_layer_cave, mainiacjoe_overflow_surrounded_room,
          minmay_lair_entry_grove
D:9:      layout_cave_pods, serial_bayou, serial_bayou_lake_a,
          serial_bayou_shore_b, serial_bayou_shore_a, serial_bayou_pond_b,
          hangedman_decor_slide_cut
D:10:     layout_roguey, ashenzari_conservatory_becter, orc_david_3,
          enter_trove_1, enter_bailey_2, minmay_pinched_square, uniq_josephine,
          uniq_psyche
Lair:1:   layout_small_grid, cheibrodos_lair_lostbears, lemuel_fruit_fields
Lair:2:   layout_regular_city, mainiacjoe_shoals_entry_four_pools,
          guppyfry_snake_entry_garden, nicolae_quartered_pool_super,
          lemuel_fruit_fields
Lair:3:   layout_layer_cave, minivault_24, minivault_23, beast_lair_carwin_2
Lair:4:   layout_loops_ring, grunt_forest_stairs_clearing
Lair:5:   minmay_lair_end_enchanted_forest, layout_loops_ring,
          nicolae_slime_entry_field_trip, ebering_ghost_xom
Bailey:   bailey_axe_of_yendor_kennysheep, bailey

Skill      XL: |  1  2  3  4  5  6  7  8  9 10 11 12 13 |
---------------+----------------------------------------+-----
Summonings     | 4 5 8 |  8.0
Fighting       | 5 |  5.5
Spellcasting   | 3 5 8 11 | 11.0
Fire Magic     | 2 5 |  5.0
Necromancy     | 4 7 10 13 15 | 15.6
Air Magic      | 4 |  4.0
Earth Magic    | 4 |  4.0
Dodging        | |  1.7
Stealth        | |  1.4

Action                     |  1- 3 |  4- 6 |  7- 9 | 10-12 | 13-15 || total
---------------------------+-------+-------+-------+-------+-------++-------
  Melee: Unarmed           |   135 |     1 |       |       |       ||   136
         Headbutt          |    20 |     3 |     8 |    26 |    23 ||    80
         Halberd           |       |    38 |    97 |   167 |   118 ||   420
         Bite              |       |       |     1 |    17 |    13 ||    31
         Hand axe          |       |       |       |       |    28 ||    28
   Cast: Summon Small Mamm |    13 |     4 |    13 |    25 |    18 ||    73
         Call Imp          |    17 |    19 |    27 |    32 |    29 ||   124
         Call Canine Famil |    10 |    18 |    26 |    22 |    25 ||   101
         Summon Lightning  |       |       |    25 |    46 |    53 ||   124
         Death Channel     |       |       |       |    31 |    28 ||    59
         Borgnjor's Vile C |       |       |       |     8 |     4 ||    12
         Summon Blazeheart |       |       |       |     2 |     1 ||     3
 Invoke: Potion Petition   |       |       |       |     2 |     3 ||     5
         Call Merchant     |       |       |       |     2 |       ||     2
  Evoke: Wand              |       |     3 |       |       |       ||     3
         Tin of tremorston |       |       |       |       |     2 ||     2
    Use: Scroll            |     5 |       |     2 |     6 |    10 ||    23
         Potion            |     3 |       |     2 |     2 |     1 ||     8
   Stab: Sleeping          |     1 |     1 |     1 |       |       ||     3
         Distracted        |     1 |       |     1 |     3 |     2 ||     7
         Invisible         |       |       |       |       |     2 ||     2
 Armour: Robe              |    90 |    23 |   103 |   244 |   241 ||   701
         Skin              |       |       |       |       |     3 ||     3
  Dodge: Dodged            |    82 |    20 |    35 |   104 |    99 ||   340
  Block: Other             |       |    12 |    24 |       |       ||    36
         Reflection        |       |     1 |     1 |       |       ||     2
